 Dungeon Crawl Stone Soup version 0.29-a0-598-gd8304a5bf4 (webtiles) character file.

Game seed: 2725631499768041475

352 croobank the Firebug (level 6, -5/48 HPs)
             Began as a Demigod Fire Elementalist on June 15, 2022.
             Slain by an ogre
             ... wielding a +0 giant club
              (27 damage)
             ... on level 5 of the Dungeon.
             The game lasted 00:07:21 (2469 turns).

croobank the Firebug (Demigod Fire Elementalist)    Turns: 2469, Time: 00:07:29

Health: -5/48      AC:  4    Str:  9    XL:     6   Next: 12%
Magic:  1/13       EV: 12    Int: 25    God:
Gold:   152        SH:  0    Dex: 14    Spells: 7/10 levels left

rFire   + . .      SeeInvis .   d - +0 dagger
rCold   . . .      Faith    .   (no shield)
rNeg    . . .      Spirit   .   j - +1 leather armour {rF+}
rPois   .          Reflect  .   (no helmet)
rElec   .          Harm     .   (no cloak)
rCorr   .          Rampage  .   (no gloves)
Will    .....                   (no boots)
Stlth   ++........              (no amulet)
HPRegen 0.16/turn               (no ring)
MPRegen 0.13/turn               (no ring)

@: no status effects
A: high MP 1, forlorn, divine attributes
a: no special abilities


You were on level 5 of the Dungeon.
You visited 1 branch of the dungeon, and saw 4 of its levels.

You collected 152 gold pieces.

Inventory:

Hand Weapons
 d - a +0 dagger (weapon)
 f - a +0 flail
 o - a +0 hunting sling
 p - a +0 mace
Missiles
 h - 99 stones
Armour
 a - a +0 robe
 g - a +0 leather armour
 j - a +1 leather armour of fire resistance (worn)
 s - a +0 buckler
Jewellery
 q - a ring of magical power
Wands
 t - a wand of flame (10)
Scrolls
 c - 2 scrolls of identify {unknown}
 e - a scroll of teleportation {unknown}
 l - a scroll of immolation {unknown}
 r - a scroll of blinking {unknown}
 u - a scroll of fear {unknown}
 v - a scroll of vulnerability {unknown}
 w - 2 scrolls of poison {unknown}
Potions
 b - 2 potions of magic
 i - a potion of haste {unknown}
 k - a potion of might {unknown}
 m - a potion of heal wounds {unknown}
 n - 5 potions of curing {unknown}


   Skills:
 + Level 1.9 Fighting
 + Level 3.0 Dodging
 + Level 3.1 Stealth
 + Level 2.7 Spellcasting
 + Level 2.4 Conjurations
 + Level 3.6 Fire Magic


You had 7 spell levels left.
You knew the following spells:

 Your Spells              Type           Power      Damage    Failure   Level
a - Foxfire               Conj/Fire      72%        2x1d7     4%          1
b - Scorch                Fire           42%        2d7       4%          2

Your spell library contained the following spells:

 Spells                   Type           Power      Damage    Failure   Level
 Magic Dart               Conj           60%        1d6       5%          1
 Searing Ray              Conj           30%        2d5       9%          2
 Conjure Flame            Conj/Fire      18%        6-21      12%         3
 Inner Flame              Hex/Fire       12%        N/A       21%         3
 Ensorcelled Hibernation  Hex/Ice        6%         N/A       22%         2
 Flame Wave               Conj/Fire      18%        2d6       38%         4
 Spider Form              Tmut/Pois      3%         N/A       41%         3
 Fulminant Prism          Conj/Hex       4%         3d6       65%         4
 Anguish                  Hex/Necr       1%         N/A       82%         4


Dungeon Overview and Level Annotations

Branches:
Dungeon (3/15)


Innate Abilities, Weirdness & Mutations

You have an increased reservoir of magic. (+10% MP)
You shall have no god before yourself.
Your divine heritage dramatically boosts your attributes as you level up.


Message History

The howler monkey is severely wounded.
The howler monkey barely misses you.
You closely miss the howler monkey.
The howler monkey is severely wounded.
The howler monkey hits you!
You hit the howler monkey.
The howler monkey is almost dead.
The howler monkey hoots and howls with incredible vigour!
The howler monkey hits you.
You hear a shout!
You closely miss the howler monkey.
The howler monkey is almost dead.
The howler monkey is no longer more vulnerable to fire.
The howler monkey closely misses you.
You hit the howler monkey. You punch the howler monkey.
You kill the howler monkey!
Your Dodging skill increases to level 3!
You have reached level 6!
Your experience leads to a dramatic increase in your attributes!
Increase (S)trength, (I)ntelligence, or (D)exterity?
You feel clever. x4
You see here a howler monkey corpse.
An ogre comes into view. It is wielding a +0 giant club.
The ogre barely misses you. The ogre attacks as you move away!
The ogre barely misses you.
Found a club.
Found a scroll labelled ITHRAHO OTIAZ.
You see here a scroll labelled ITHRAHO OTIAZ.
Casting: Scorch (safe; 4% risk of failure)
Confirm with . or Enter, or press ? or * to list all spells.
Flames lash the ogre.
The ogre is moderately wounded.
The ogre's fire resistance burns away.
Casting: Scorch (safe; 4% risk of failure)
Confirm with . or Enter, or press ? or * to list all spells.
Flames lash the ogre.
The ogre is burned terribly!
The ogre is almost dead.
The ogre hits you with a +0 giant club!!
Ouch! That really hurt!
You die...

#.# . .. #.# .#.
#########.#
.#.##
###.......#.#
.....
.).##......#
#..#
.##..##.##.###
#.###..# ......
#.# #......#
#..# #.#
#@#####..#####.#
#.O............#
################


You could see an ogre (combustible).

Vanquished Creatures
  2 ice beasts (D:5)
  A howler monkey (D:5)
  A jelly (D:5)
  An adder (D:2)
  4 gnolls
  A worm (D:3)
  2 dart slugs
  2 ball pythons
  2 endoplasms (D:2)
  2 giant cockroaches
  3 goblins
  10 jackals
  5 kobolds
  4 quokkas
  5 bats
  2 frilled lizards
  3 rats
50 creatures vanquished.

Vanquished Creatures (others)
  89 foxfires
89 creatures vanquished.

Grand Total: 139 creatures vanquished

Notes
Turn   | Place    | Note
-------+----------+-------------------------------------------
     0 | D:1      | croobank the Demigod Fire Elementalist began the quest for
                  | the Orb.
     0 | D:1      | Reached XP level 1. HP: 14/14 MP: 5/5
    80 | D:1      | Reached skill level 1 in Conjurations
   259 | D:1      | Reached XP level 2. HP: 20/20 MP: 2/7
   262 | D:1      | Learned a level 2 spell: Scorch
   814 | D:2      | Reached XP level 3. HP: 24/26 MP: 2/8
  2162 | D:3      | You fall into a shaft and drop 2 floors!
  2162 | D:5      | Entered Level 5 of the Dungeon
  2189 | D:5      | Noticed an ice beast
  2190 | D:5      | Noticed an ice beast
  2203 | D:5      | Killed an ice beast
  2204 | D:5      | Reached skill level 1 in Fighting
  2204 | D:5      | Reached XP level 4. HP: 35/35 MP: 1/10
  2204 | D:5      | Reached XP level 5. HP: 40/40 MP: 1/11
  2208 | D:5      | Killed an ice beast
  2353 | D:5      | Noticed a black bear
  2436 | D:5      | Reached XP level 6. HP: 16/48 MP: 0/13
  2469 | D:5      | Slain by an ogre

Illustrated notes

Levels and vault maps discovered:
D:1:      amcnicky_arrival_underground_garden, layout_rooms, minivault_19
D:2:      cheibrodos_helix_gallery, layout_basic, shapermc_ecumenical_altar_venn
D:3:      layout_loops_ring
D:5:      layout_loops_cross, nicolae_overflow_hidden_temple,
          kennysheep_generic_room_4

Skill      XL: |  1  2  3  4  5 |
---------------+----------------+-----
Conjurations   | 1 2 |  2.4
Stealth        | 2 3 |  3.1
Dodging        | 2 3 |  3.0
Spellcasting   | 2 |  2.7
Fire Magic     | 3 |  3.6
Fighting       | 1 |  1.9

Action                   |  1- 3 |  4- 6 || total
-------------------------+-------+-------++-------
Melee: Unarmed           |     5 |       ||     5
       Flail             |    10 |     4 ||    14
       Dagger            |       |    11 ||    11
       Punch             |       |     1 ||     1
 Cast: Foxfire           |    50 |     3 ||    53
       Scorch            |    15 |    12 ||    27
Armor: Robe              |     2 |       ||     2
       Leather armour    |     7 |     3 ||    10
Dodge: Dodged            |    22 |    11 ||    33

Table legend: (Time is in decaauts)
 A = Elapsed time spent in this place.
 B = Non-inter-level travel time spent in this place.
 C = Inter-level travel time spent in this place.
 D = Time resting spent in this place.
 E = Time spent auto-exploring this place.
 F = Levels seen in this place.
 G = Mean time per level.
                   A        B        C        D        E       F      G
               +--------+--------+--------+--------+--------+-----+--------+
         Total |   2472 |   2405 |     67 |    507 |   1431 |   4 |  618.0 |
       Dungeon |   2472 |   2405 |     67 |    507 |   1431 |   4 |  618.0 |
               +--------+--------+--------+--------+--------+-----+--------+

Top non-repeatable levels by time:
     D:2: 1153 daAuts
     D:1: 801 daAuts
     D:5: 308 daAuts
     D:3: 209 daAuts
